 Dungeon Crawl Stone Soup version 0.25.0-11-g1f837a76a1 (webtiles) character file.

Game seed: 9251347620157666060

11973 Bapho the Severer (level 11, -2/172 HPs)
             Began as a Minotaur Berserker on June 24, 2020.
             Was an Elder of Trog.
             Slain by an orc warrior
             ... wielding a +0 war axe
              (20 damage)
             ... on level 9 of the Dungeon.
             The game lasted 00:20:51 (13034 turns).

Bapho the Severer (Minotaur Berserker)             Turns: 13034, Time: 00:20:51

Health: -2/172     AC: 15    Str: 25    XL:     11   Next: 56%
Magic:  8/8        EV:  8    Int:  4    God:    Trog [****..]
Gold:   641        SH:  0    Dex: 10    Spells: 10/10 levels left

rFire    + . .     SeeInvis +   a - +0 battleaxe
rCold    . . .     Gourm    .   (shield currently unavailable)
rNeg     . . .     Faith    .   K - +0 plate armour
rPois    .         Spirit   .   (helmet restricted)
rElec    .         Reflect  .   x - +0 cloak
rCorr    .         Harm     .   (no gloves)
MR       .....                  (no boots)
Stlth    ..........             D - amulet of the acrobat
HPRegen  0.38/turn              O - ring of protection from fire
MPRegen  0.11/turn              G - ring of see invisible

@: berserking, starving, very quick
A: retaliatory headbutt, horns 2, molten scales 1, rugged brown scales 1, low mp
1, robust 1
a: Berserk, Trog's Hand, Brothers in Arms, Renounce Religion


You were on level 9 of the Dungeon.
You worshipped Trog.
Trog was greatly pleased with you.
You were starving.

You visited 2 branches of the dungeon, and saw 13 of its levels.

You collected 696 gold pieces.
You spent 55 gold pieces at shops.

Inventory:

Hand Weapons
 a - a +0 battleaxe (weapon)
 b - a +1 shortbow of flaming
 y - a +0 war axe
 F - a +0 hand axe
 R - a +0 longbow
Missiles
 e - 424 stones (quivered)
 S - 147 arrows
Armour
 h - a +0 chain mail
 x - a +0 cloak (worn)
 K - a +0 plate armour (worn)
 P - a +0 animal skin
Jewellery
 m - an uncursed amulet of inaccuracy
 u - an uncursed ring of wizardry
 D - an amulet of the acrobat (around neck)
 G - a ring of see invisible (right hand)
 O - a ring of protection from fire (left hand)
Wands
 I - a wand of paralysis (8)
 J - a wand of iceblast (8)
 N - a wand of flame (14)
 T - a wand of polymorph (9)
Scrolls
 f - 5 scrolls of remove curse
 i - 5 scrolls of teleportation
 j - 2 scrolls of enchant weapon {unknown}
 l - 3 scrolls of fear {unknown}
 n - 2 scrolls of blinking {unknown}
 p - 5 scrolls of amnesia {unknown}
 v - 3 scrolls of fog
 w - 2 scrolls of enchant armour {unknown}
 z - 2 scrolls of summoning {unknown}
 A - a scroll of immolation
 C - 4 scrolls of identify
 E - a scroll of brand weapon
 L - a scroll of noise
 M - a scroll of magic mapping
 Q - a scroll of random uselessness {unknown}
Potions
 d - 3 potions of brilliance
 g - 2 potions of ambrosia
 k - 2 potions of flight
 o - 4 potions of curing
 q - 5 potions of degeneration
 r - 3 potions of stabbing
 s - 2 potions of lignification
 t - a potion of haste
 B - 4 potions of cancellation
 H - a potion of magic
Comestibles
 c - 32 rations


   Skills:
 - Level 11.0 Fighting
 * Level 17.6 Axes
 - Level 3.0 Throwing
 - Level 3.7 Armour
 - Level 2.6 Dodging
 - Level 0.5 Stealth


You had 10 spell levels left.
You didn't know any spells.
Your spell library contained the following spells:

 Spells                   Type           Power        Failure   Level  Hunger
 Freeze                   Ice            #...         100%        1    ##.....
 Infusion                 Chrm           #...         100%        1    ##.....
 Shroud of Golubria       Chrm/Tloc      #.....       100%        2    ###....
 Song of Slaying          Chrm           #.......     100%        2    ###....
 Frozen Ramparts          Ice            #.....       100%        3    ####...
 Ignite Poison            Fire/Tmut/Pois #.......     100%        3    ####...
 Inner Flame              Hex/Fire       #.......     100%        3    ####...
 Ozocubu's Armour         Chrm/Ice       #.......     100%        3    ####...
 Spectral Weapon          Hex/Chrm       #.......     100%        3    ####...
 Stone Arrow              Conj/Erth      #.....       100%        3    ####...
 Cause Fear               Hex            #.........   100%        4    #####..
 Hailstorm                Conj/Ice       #.......     100%        4    #####..
 Sticky Flame             Conj/Fire      #.......     100%        4    #####..
 Summon Ice Beast         Ice/Summ       #.......     100%        4    #####..
 Fireball                 Conj/Fire      #.........   100%        5    ######.
 Silence                  Hex/Air        #.........   100%        5    ######.
 Yara's Violent Unravell  Hex/Tmut       #.........   100%        5    ######.
 Starburst                Conj/Fire      #.........   100%        6    #######
 Ring of Flames           Chrm/Fire      #.........   100%        7    #######
 Discord                  Hex            #.........   100%        8    #######
 Ignition                 Fire           #.........   100%        8    #######


Dungeon Overview and Level Annotations

Branches:
Dungeon (12/15)            Temple (0/1) D:6            Lair (0/6) D:9
    Orc (1/2) D:9

Altars:
Cheibriados
Dithmenos
Fedhas
Qazlal
Trog
Yredelemnul
Zin

Shops:
D:4 ?   D:10 *[%%*(

Annotations:
Orc:1 Sonja


Innate Abilities, Weirdness & Mutations

You reflexively headbutt those who attack you in melee.
You have a pair of horns on your head.
You are partially covered in molten scales. (AC +2)
You are partially covered in rugged brown scales. (AC +1, +3% HP)
Your magical capacity is low. (-10% MP)
You are robust. (+10% HP)


Message History

The orc warrior closely misses you.
The orc warrior hits you with a +0 war axe!
* * * LOW HITPOINT WARNING * * *
The orc hits you but does no damage.
You closely miss the orc warrior. You completely miss the orc.
You barely miss the orc warrior.
The orc warrior hits you with a +0 mace!!
* * * LOW HITPOINT WARNING * * *
You slice the orc warrior!! You headbutt the orc warrior.
You kill the orc warrior!
Trog accepts your kill.
You closely miss the orc warrior. You slice the orc!!
You kill the orc!
Trog accepts your kill.
The orc warrior hits you with a +0 war axe!
* * * LOW HITPOINT WARNING * * *
You hit the orc warrior.
The orc warrior is heavily wounded.
The orc warrior hits you with a +0 war axe!!
You die...

.......## ##÷#..#≈≈≈≈P#.[......#
PP.....# #.#.)'.P≈PP#........#
..P....## ##.##########........#
P.......###....................#
...............................#
..##...........................#
.###...........................#
.###...........o)).............#
................@..............#
................)..............#
.............###...............#
.....###....## ##.............>#
.....# #....# #..............#
.....###....## ##..............#
.............###...............#
...............................#
...............................#


You could see an orc warrior (strong).

Vanquished Creatures
  2 two-headed ogres
  A centaur warrior (D:10)
  An orange crystal statue (D:11)
  An ugly thing (D:11)
  A cyclops (D:11)
  A troll (D:10)
  2 dream sheep (D:9)
  2 hippogriffs
  Sigmund (D:4)
  16 yaks
  A hungry ghost (D:9)
  3 porcupines (D:9)
  6 orc warriors
  2 sky beasts
  3 necrophages
  6 ogres
  2 phantoms
  2 black bears
  An eye of draining (D:11)
  A hornet zombie (D:7)
  6 centaurs (D:11)
  A crocodile (D:9)
  4 big kobolds
  7 bullfrogs
  4 scorpions
  A centaur zombie (D:5)
  5 crimson imps
  2 hounds
  A jelly (D:9)
  4 orc priests
  A bullfrog skeleton (D:5)
  5 orc wizards
  2 centaur skeletons (D:8)
  2 iguanas
  8 worker ants
  A killer bee zombie (D:5)
  2 hound skeletons
  A howler monkey zombie (D:8)
  3 worker ant zombies
  6 adders
  A shadow imp (D:5)
  2 oozes (D:2)
  An adder zombie (D:6)
  An adder skeleton (D:4)
  3 worms
  A dart slug (D:1)
  8 leopard geckos
  28 orcs
  7 giant cockroaches
  7 goblins
  9 hobgoblins
  15 jackals
  8 kobolds
  3 quokkas
  3 ball pythons
  5 bats
  7 frilled lizards
  2 gnoll zombies (D:4)
  2 jackal skeletons
  A jackal zombie (D:5)
  9 rats
244 creatures vanquished.

Vanquished Creatures (collateral kills)
  A hydra (D:9)
1 creature vanquished.

Vanquished Creatures (others)
  2 orcs (Orc:1)
  22 fungi (D:9)
  15 plants (D:9)
39 creatures vanquished.

Grand Total: 284 creatures vanquished

Notes
Turn   | Place    | Note
-------+----------+-------------------------------------------
     0 | D:1      | Bapho the Minotaur Berserker began the quest for the Orb.
     0 | D:1      | Reached XP level 1. HP: 19/19 MP: 0/0
   254 | D:1      | Reached skill level 4 in Axes
   254 | D:1      | Reached XP level 2. HP: 15/27 MP: 1/1
   614 | D:1      | Reached ** piety under Trog
   716 | D:1      | Reached XP level 3. HP: 33/33 MP: 2/2
  1235 | D:2      | Found a bloodstained altar of Trog.
  1235 | D:2      | Found a stormy altar of Qazlal.
  1235 | D:2      | Found a blossoming altar of Fedhas.
  1371 | D:2      | Reached skill level 1 in Throwing
  1464 | D:2      | Reached XP level 4. HP: 35/40 MP: 3/3
  2042 | D:2      | Gained mutation: You are weak. (Str -2) [potion of
                  | mutation]
  2042 | D:2      | Gained mutation: You are agile. (Dex +2) [potion of
                  | mutation]
  2061 | D:3      | Reached skill level 5 in Axes
  2071 | D:3      | Reached *** piety under Trog
  2673 | D:4      | Reached XP level 5. HP: 46/46 MP: 4/4
  2674 | D:4      | Noticed Sigmund
  2691 | D:4      | Killed Sigmund
  2691 | D:4      | Reached skill level 6 in Axes
  2691 | D:4      | Reached XP level 6. HP: 53/53 MP: 5/5
  2949 | D:4      | Found Qeuvufuh's Magic Scroll Boutique.
  2958 | D:4      | Bought a scroll of teleportation for 33 gold pieces
  2958 | D:4      | Bought a scroll of fog for 22 gold pieces
  3417 | D:4      | Reached skill level 7 in Axes
  3563 | D:4      | Found a basalt altar of Yredelemnul.
  3763 | D:4      | Reached XP level 7. HP: 48/60 MP: 6/6
  3939 | D:5      | Entered Level 5 of the Dungeon
  4128 | D:5      | Reached skill level 5 in Fighting
  4150 | D:5      | Reached **** piety under Trog
  4244 | D:5      | Lost mutation: You are agile. (Dex +2) [potion of mutation]
  4244 | D:5      | Lost mutation: You are weak. (Str -2) [potion of mutation]
  4244 | D:5      | Gained mutation: You are robust. (+10% HP) [potion of
                  | mutation]
  4244 | D:5      | Gained mutation: You are occasionally teleported next to
                  | monsters. [potion of mutation]
  4244 | D:5      | Gained mutation: Your flesh is heat resistant. (rF+)
                  | [potion of mutation]
  4252 | D:5      | Reached skill level 8 in Axes
  5026 | D:6      | Found a staircase to the Ecumenical Temple.
  5045 | D:6      | Reached skill level 9 in Axes
  5164 | D:6      | Reached XP level 8. HP: 57/77 MP: 7/7
  5190 | D:6      | Lost mutation: You are occasionally teleported next to
                  | monsters. [potion of mutation]
  5190 | D:6      | Lost mutation: Your flesh is heat resistant. (rF+) [potion
                  | of mutation]
  5190 | D:6      | Gained mutation: You are partially covered in rugged brown
                  | scales. (AC +1, +3% HP) [potion of mutation]
  5190 | D:6      | Gained mutation: Your magical capacity is low. (-10% MP)
                  | [potion of mutation]
  5190 | D:6      | Gained mutation: You are partially covered in molten
                  | scales. (AC +2) [potion of mutation]
  5483 | D:6      | Found a snail-covered altar of Cheibriados.
  5748 | D:7      | Found a shadowy altar of Dithmenos.
  5940 | D:7      | Reached skill level 10 in Axes
  6020 | D:7      | You fall into a shaft and drop 3 floors!
  6020 | D:10     | Entered Level 10 of the Dungeon
  6027 | D:10     | Noticed a two-headed ogre
  6037 | D:10     | Found Sonudug's Food Shoppe.
  6058 | D:10     | Killed a two-headed ogre
  6058 | D:10     | Reached skill level 11 in Axes
  6058 | D:10     | Reached XP level 9. HP: 91/91 MP: 7/7
  6198 | D:10     | Found Beun's Changing Room.
  6651 | D:9      | Found a staircase to the Orcish Mines.
  6652 | D:9      | Reached skill level 12 in Axes
  6772 | D:9      | Reached skill level 13 in Axes
  7157 | D:9      | Reached XP level 10. HP: 89/105 MP: 8/8
  7160 | D:9      | Reached skill level 10 in Fighting
  7251 | D:9      | Noticed a three-headed hydra
  7252 | D:9      | Reached ***** piety under Trog
  7256 | D:9      | Killed a three-headed hydra
  7256 | D:9      | Reached skill level 14 in Axes
  8257 | D:8      | Noticed a two-headed ogre
  8267 | D:8      | Killed a two-headed ogre
  8865 | D:9      | Found a staircase to the Lair.
  8881 | D:9      | Reached skill level 15 in Axes
  9693 | D:10     | Found Horuudat's Food Shop.
  9711 | D:10     | Found Zape's Antique Armour Emporium.
  9728 | D:10     | Noticed a centaur warrior
  9742 | D:10     | Killed a centaur warrior
  9742 | D:10     | Reached skill level 16 in Axes
  9742 | D:10     | Reached XP level 11. HP: 62/115 MP: 8/8
 10126 | D:10     | Found a glowing silver altar of Zin.
 10302 | D:10     | Identified the Handbook of Earthen Heat
 10363 | D:10     | Found Xoezoluy's Assorted Antiques.
 10495 | D:10     | Found Jaucu's Weapon Emporium.
 10836 | D:11     | Noticed a green ugly thing
 10850 | D:11     | Killed a green ugly thing
 11201 | D:11     | Reached skill level 17 in Axes
 11769 | D:11     | Noticed an orange crystal statue
 11798 | D:11     | Killed an orange crystal statue
 12462 | Orc:1    | Entered Level 1 of the Orcish Mines
 12462 | Orc:1    | Noticed Sonja
 12777 | Orc:1    | Noticed an orc knight
 13034 | D:9      | Slain by an orc warrior

Illustrated notes

Levels and vault maps discovered:
D:1:      dpeg_arrival_brainrot, layout_rooms
D:2:      layout_loops_ring, grunt_temple_overflow_open, first_ration
D:3:      layout_rooms
D:4:      layout_cave_pools, lemuel_zombie_altar_yredelemnul, serial_shops,
          shop_statue, uniq_sigmund
D:5:      layout_cave_pods
D:6:      layout_rooms, temple_pool_b, chei_slow_surprise
D:7:      layout_cave_pods, nicolae_dithmenos_shadow_blocks
D:8:      minmay_inner_zag, layout_loops_ring
D:9:      layout_big_octagon, due_lair_maze_entry_diamond, orc_0_dummy,
          hangedman_ranch [blue_anna_fruit_fields]
D:10:     layout_long_grid, serial_shops, nicolae_shop_behind_doors,
          nicolae_shop_trees, shop, shop, kennysheep_little_box, basic_altar,
          nicolae_transmutations_shop, minivault_16
D:11:     minmay_separated_statues, layout_long_grid
D:12:     layout_small_grid, fedhas_altar_4
Orc:1:    layout_caves, serial_shops, nicolae_shop_crystal, bh_open_orc_temple,
          uniq_sonja

Skill      XL: |  1  2  3  4  5  6  7  8  9 10 11 |
---------------+----------------------------------+-----
Axes           | 4 5 6 7 9 11 13 16 17 | 17.6
Fighting       | 4 6 8 9 11 | 11.0
Throwing       | 1 2 3 |  3.0
Armour         | 3 |  3.7
Dodging        | |  2.6
Stealth        | |  0.5

Action                   |  1- 3 |  4- 6 |  7- 9 | 10-12 || total
-------------------------+-------+-------+-------+-------++-------
Melee: Hand axe          |   106 |    89 |       |       ||   195
       Headbutt          |    11 |    17 |    33 |    45 ||   106
       War axe           |       |    16 |   114 |       ||   130
       Battleaxe         |       |       |    76 |   203 ||   279
 Fire: Shortbow          |       |       |       |    58 ||    58
Throw: Stone             |    69 |   102 |   124 |   115 ||   410
Invok: Berserk           |     1 |     1 |     5 |     3 ||    10
       Trog's Hand       |       |       |     1 |     1 ||     2
       Brothers in Arms  |       |       |       |     2 ||     2
Evoke: Wand              |       |       |       |     1 ||     1
  Use: Scroll            |       |     6 |     2 |     8 ||    16
       Potion            |       |     1 |     2 |       ||     3
  Eat: Chunk             |     2 |     9 |    17 |    17 ||    45
       Ration            |       |       |       |     1 ||     1
Armor: Animal skin       |     9 |       |       |       ||     9
       Chain mail        |    29 |    40 |    57 |       ||   126
       Plate armour      |       |       |    47 |   127 ||   174
Dodge: Dodged            |    53 |    35 |    79 |   103 ||   270
